 Dungeon Sprint DCSS version 0.31-a0-43-g46d131a48f (webtiles) character file.

Game seed: 6069194664442374485

4900000 bmack86 the Infernalist (level 22, -22/212 HPs)
             Began as a Demonspawn Fire Elementalist on May 19, 2023.
             Was the Champion of Makhleb.
             Annihilated by a meat berserker
             ... wielding a +9 battleaxe
              (40 damage)
             ... in the Dungeon (Sprint VIII: "Arena of Blood").
             The game lasted 00:04:39 (49 turns).

bmack86 the Infernalist (DsFE)                        Turns: 49, Time: 00:04:39

Health: -22/212    AC:  3    Str: 18    XL:     22   Next: 94%
Magic:  0/53       EV: 26    Int: 18    God:    Makhleb [******]
Gold:   0          SH:  0    Dex: 14    Spells: 74/75 levels left

rFire   . . .        h - +∞ Axe of Woe
rCold   . . .        (shield currently unavailable)
rNeg    . . .        a - +0 robe
rPois   .            (helmet unavailable)
rElec   .            (no cloak)
rCorr   .            (no gloves)
SInv    +            (no boots)
Will    +....        (no amulet)
Stlth   +++++++++    (no ring)
HPRegen 0.55/turn    (no ring)
MPRegen 0.66/turn

%: no teleportation, guardian spirit
@: hasted, very quick
A: antennae 3, icemail 1, magic shield, magic regeneration, magic link, sturdy
frame 1, condensation shield, corrupting presence 2
a: Renounce Religion, Minor Destruction, Lesser Servant of Makhleb, Major
Destruction, Greater Servant of Makhleb


You were in the Dungeon.
You worshipped Makhleb.
Makhleb was exalted by your worship.
You visited 1 branch

Inventory:

Hand Weapons
 h - the +∞ Axe of Woe (weapon)
   (You found it in the Dungeon)
Armour
 a - a +0 robe (worn)
Potions
 b - 3 potions of magic
 c - a potion of curing
 f - a potion of berserk rage


   Skills:
 O Level 27 Fighting
 + Level 13.3(15.1) Short Blades
 + Level 12.0(14.5) Long Blades
 O Level 27 Axes
 + Level 12.0(22.1) Maces & Flails
 + Level 12.0(22.1) Polearms
 + Level 12.0(15.8) Staves
 + Level 12.0 Ranged Weapons
 + Level 13.3 Throwing
 + Level 13.3 Armour
 O Level 27 Dodging
 O Level 27 Stealth
 + Level 13.3 Shields
 + Level 13.3 Unarmed Combat
 O Level 27 Spellcasting
 O Level 27 Conjurations
 + Level 14.4 Hexes
 + Level 14.4 Summonings
 + Level 15.6 Necromancy
 + Level 13.3 Translocations
 + Level 13.3 Transmutations
 O Level 27 Fire Magic
 + Level 13.3 Ice Magic
 + Level 13.3 Air Magic
 + Level 13.3 Earth Magic
 + Level 14.4 Poison Magic
 + Level 18.4 Invocations
 + Level 14.4 Evocations


You had 74 spell levels left.
You knew the following spells:

 Your Spells              Type           Power      Damage    Failure   Level
a - Foxfire               Conj/Fire      100%       2x1d9     0%          1

Your spell library contained the following spells:

 Spells                   Type           Power      Damage    Failure   Level
 Scorch                   Fire           100%       2d9       0%          2
 Inner Flame              Hex/Fire       78%        N/A       0%          3
 Volatile Blastmotes      Fire/Tloc      100%       2d18      0%          3
 Flame Wave               Conj/Fire      88%        2d19      0%          4


Dungeon Overview and Level Annotations

Branches:
Dungeon (1/1)

Altars:
Makhleb


Innate Abilities, Weirdness & Mutations

You have a pair of large antennae on your head. (SInv)
A meltable icy envelope protects you from harm. (AC +0)
When hurt, damage is shared between your health and your magic reserves.
You regenerate magic rapidly.
When low on magic, you restore magic in place of health.
Your movements are slightly less encumbered by armour. (ER -2)
A meltable shield of frost defends you. (SH +0)
Your presence sometimes corrodes or deforms those you injure.


Message History

You hear a shout! x5
A meat berserker comes into view. It is wielding a +9 battleaxe.
A bag of meat comes into view. It is wielding a +9 war axe.
A destroyer comes into view. It is wielding a +9 heavy great sword.
A bag of meat comes into view. It is wielding a +9 war axe.
You hear a shout! x3
The meat berserker rages.
You hear a shout! x2; You hear two shouts!
You hear a shout! x3
The eight-headed meat hydra roars!
Unknown command.
Okay, then.
You feel yourself speed up.
You hear a shout!
The meat berserker rages.
The destroyer points at you and mumbles some strange words.
The destroyer blinks!
You hear a shout!
A bag of meat comes into view. It is wielding a +9 war axe. x2
A sculptor of flesh comes into view. It is wielding a +9 great sword.
The accursed gestures at you while chanting.
Something smites you!
* * * LOW HITPOINT WARNING * * *
You hear a shout! x2
The eight-headed meat hydra calls on the powers of darkness!
The eight-headed meat hydra convulses!
The bag of meat convulses!
The meat berserker convulses!
The bag of meat convulses!
The meat berserker convulses!
Your body is wracked with pain!
* * * LOW HITPOINT WARNING * * *
The meat berserker convulses!
The eight-headed meat hydra calls on the powers of darkness!
The eight-headed meat hydra convulses!
The bag of meat convulses! x2
The meat berserker convulses!
Your body is wracked with pain!
* * * LOW HITPOINT WARNING * * *
The meat berserker convulses!
You hear a shout!
The destroyer casts a spell at you.
The destroyer blinks!
The meat berserker rages.
The meat berserker hits you with a +9 battleaxe!!!
You die...

{{#§§§....# ..
{#OO°○...# ..§oo
...###§{☼°○..###...§o
.......D)###.......O..
.#..§.D..._......zO...
...§°§.#.oO..#....V..#
...§§§.#_o<._#V...o...
.......#..O..#.O....#.
.#........_..V@OO.o...
........###..O...O..#
...###..M....###...V.
. #....o..# ....
#.......# ...
...o.....{{ .. .......
{{{


o zD..... You could see an accursed, 2 eight-headed meat hydras, 4 destroyers, 2
sculptors of flesh, 9 meat berserkers and 10 bags of meat.

Vanquished Creatures
  3 vampire knights (D)
  13 ogres (D)
  3 two-headed ogres (D)
  52 orcs (D)
  2 skeletal warriors (D)
73 creatures vanquished.

Vanquished Creatures (others)
  A two-headed ogre (D)
1 creature vanquished.

Grand Total: 74 creatures vanquished

Notes
Turn   | Place    | Note
-------+----------+-------------------------------------------
     0 | D        | Found the +∞ Axe of Woe
     0 | D        | bmack86 the Demonspawn Fire Elementalist began the quest
                  | for the Orb.
     0 | D        | Reached XP level 1. HP: 13/13 MP: 3/3
     1 | D        | Noticed a bag of meat
     2 | D        | Noticed a bag of meat
     3 | D        | Became a worshipper of Makhleb the Destroyer
     5 | D        | Noticed a bag of meat
     5 | D        | Noticed a bag of meat
     6 | D        | Noticed a bag of meat
     6 | D        | Noticed a bag of meat
     6 | D        | Noticed a bag of meat
     6 | D        | Noticed a bag of meat
     7 | D        | Noticed a bag of meat
     7 | D        | Noticed a meat berserker
     7 | D        | Noticed a bag of meat
     8 | D        | Noticed a bag of meat
     9 | D        | Killed a bag of meat
     9 | D        | Killed a bag of meat
     9 | D        | Reached * piety under Makhleb
     9 | D        | Noticed a meat berserker
     9 | D        | Noticed a bag of meat
    10 | D        | Reached skill level 10 in Dodging
    10 | D        | Gained mutation: You have a pair of small antennae on your
                  | head. [demonic ancestry]
    10 | D        | Reached XP level 2. HP: 25/25 MP: 3/15
    10 | D        | Gained mutation: You have a pair of antennae on your head.
                  | [demonic ancestry]
    10 | D        | Reached XP level 3. HP: 30/30 MP: 3/16
    10 | D        | Reached XP level 4. HP: 37/37 MP: 3/18
    10 | D        | Reached XP level 5. HP: 42/42 MP: 3/19
    10 | D        | Gained mutation: Your movements are slightly less
                  | encumbered by armour. (ER -2) [demonic ancestry]
    10 | D        | Reached XP level 6. HP: 48/48 MP: 3/21
    10 | D        | Reached XP level 7. HP: 54/54 MP: 3/22
    10 | D        | Gained mutation: A meltable shield of frost defends you.
                  | (SH +0) [demonic ancestry]
    10 | D        | Reached XP level 8. HP: 60/60 MP: 3/24
    10 | D        | Gained mutation: You regenerate magic rapidly. [demonic
                  | ancestry]
    10 | D        | Reached XP level 9. HP: 65/65 MP: 3/25
    10 | D        | Reached XP level 10. HP: 71/71 MP: 3/26
    10 | D        | Reached XP level 11. HP: 77/77 MP: 3/27
    10 | D        | Killed a bag of meat
    10 | D        | Killed a bag of meat
    10 | D        | Killed a bag of meat
    10 | D        | Reached ** piety under Makhleb
    10 | D        | Noticed a bag of meat
    10 | D        | Noticed a bag of meat
    10 | D        | Noticed a bag of meat
    10 | D        | Noticed a bag of meat
    11 | D        | Reached skill level 5 in Fighting
    11 | D        | Gained mutation: When hurt, damage is shared between your
                  | health and your magic reserves. [demonic ancestry]
    11 | D        | Reached XP level 12. HP: 86/86 MP: 3/30
    11 | D        | Reached XP level 13. HP: 91/91 MP: 3/31
    11 | D        | Noticed a bag of meat
    11 | D        | Killed a bag of meat
    11 | D        | Killed a meat berserker
    11 | D        | Killed a bag of meat
    11 | D        | Reached *** piety under Makhleb
    11 | D        | Noticed a meat berserker
    11 | D        | Noticed a meat berserker
    11 | D        | Noticed a bag of meat
    11 | D        | Noticed a bag of meat
    11 | D        | Noticed a meat berserker
    12 | D        | Reached skill level 5 in Conjurations
    12 | D        | Gained mutation: Your presence sometimes corrodes those you
                  | injure. [demonic ancestry]
    12 | D        | Reached XP level 14. HP: 101/101 MP: 4/34
    12 | D        | Killed a bag of meat
    12 | D        | Noticed a meat berserker
    12 | D        | Noticed a bag of meat
    12 | D        | Noticed a bag of meat
    12 | D        | Noticed a bag of meat
    13 | D        | Killed a bag of meat
    13 | D        | Killed a bag of meat
    13 | D        | Reached **** piety under Makhleb
    13 | D        | Killed a meat berserker
    13 | D        | Killed a bag of meat
    13 | D        | Noticed a bag of meat
    13 | D        | Noticed a bag of meat
    13 | D        | Noticed a bag of meat
    13 | D        | Noticed a bag of meat
    14 | D        | Reached skill level 10 in Fighting
    14 | D        | Reached skill level 27 in Fire Magic
    14 | D        | Gained mutation: A meltable icy envelope protects you from
                  | harm. (AC +0) [demonic ancestry]
    14 | D        | Reached XP level 15. HP: 63/117 MP: 3/38
    14 | D        | Noticed a meat berserker
    15 | D        | Killed a meat berserker
    15 | D        | Killed a meat berserker
    15 | D        | Reached ***** piety under Makhleb
    15 | D        | Killed a meat berserker
    16 | D        | Reached XP level 16. HP: 134/134 MP: 2/41
    17 | D        | Reached skill level 15 in Fighting
    17 | D        | Gained mutation: You have a pair of large antennae on your
                  | head. (SInv) [demonic ancestry]
    17 | D        | Reached XP level 17. HP: 144/144 MP: 2/42
    17 | D        | Noticed a meat berserker
    17 | D        | Killed a meat berserker
    18 | D        | Reached skill level 27 in Axes
    18 | D        | Noticed a meat berserker
    19 | D        | Reached ****** piety under Makhleb
    20 | D        | Reached XP level 18. HP: 166/166 MP: 4/45
    20 | D        | Killed a meat berserker
    20 | D        | Killed a meat berserker
    22 | D        | Reached skill level 27 in Fighting
    22 | D        | Gained mutation: When low on magic, you restore magic in
                  | place of health. [demonic ancestry]
    22 | D        | Reached XP level 19. HP: 189/189 MP: 5/49
    23 | D        | Noticed a large bag of meat
    23 | D        | Noticed a meat berserker
    24 | D        | Reached skill level 27 in Stealth
    24 | D        | Reached skill level 27 in Spellcasting
    25 | D        | Reached skill level 27 in Dodging
    25 | D        | Noticed a destroyer
    25 | D        | Noticed a destroyer
    26 | D        | Killed a meat berserker
    26 | D        | Noticed a meat berserker
    27 | D        | Reached skill level 27 in Conjurations
    27 | D        | Reached XP level 20. HP: 197/197 MP: 9/51
    27 | D        | Killed a destroyer
    28 | D        | Reached skill level 5 in Short Blades
    28 | D        | Reached skill level 5 in Throwing
    28 | D        | Reached skill level 5 in Armour
    28 | D        | Reached skill level 5 in Shields
    28 | D        | Reached skill level 5 in Unarmed Combat
    28 | D        | Reached skill level 5 in Hexes
    28 | D        | Reached skill level 5 in Summonings
    28 | D        | Reached skill level 5 in Translocations
    28 | D        | Reached skill level 5 in Transmutations
    28 | D        | Reached skill level 5 in Ice Magic
    28 | D        | Reached skill level 5 in Air Magic
    28 | D        | Reached skill level 5 in Earth Magic
    28 | D        | Reached skill level 5 in Poison Magic
    28 | D        | Reached skill level 5 in Evocations
    29 | D        | Noticed a meat berserker
    30 | D        | Reached skill level 5 in Long Blades
    30 | D        | Reached skill level 5 in Maces & Flails
    30 | D        | Reached skill level 5 in Polearms
    30 | D        | Reached skill level 5 in Staves
    30 | D        | Reached skill level 5 in Ranged Weapons
    30 | D        | Killed a meat berserker
    31 | D        | Reached skill level 10 in Invocations
    31 | D        | Killed a destroyer
    31 | D        | Killed a large bag of meat
    32 | D        | Reached skill level 10 in Hexes
    32 | D        | Reached skill level 10 in Summonings
    32 | D        | Reached skill level 10 in Poison Magic
    32 | D        | Reached skill level 10 in Evocations
    32 | D        | Reached XP level 21. HP: 143/204 MP: 9/52
    33 | D        | Reached skill level 10 in Short Blades
    33 | D        | Reached skill level 10 in Throwing
    33 | D        | Reached skill level 10 in Armour
    33 | D        | Reached skill level 10 in Shields
    33 | D        | Reached skill level 10 in Unarmed Combat
    33 | D        | Reached skill level 10 in Translocations
    33 | D        | Reached skill level 10 in Transmutations
    33 | D        | Reached skill level 10 in Ice Magic
    33 | D        | Reached skill level 10 in Air Magic
    33 | D        | Reached skill level 10 in Earth Magic
    33 | D        | Noticed a large bag of meat
    33 | D        | Noticed a large bag of meat
    35 | D        | Noticed a large bag of meat
    36 | D        | Reached skill level 15 in Invocations
    36 | D        | Gained mutation: Your presence sometimes corrodes or
                  | deforms those you injure. [demonic ancestry]
    36 | D        | Reached XP level 22. HP: 73/212 MP: 2/53
    36 | D        | Noticed a destroyer
    37 | D        | Reached skill level 10 in Long Blades
    37 | D        | Reached skill level 10 in Maces & Flails
    37 | D        | Reached skill level 10 in Polearms
    37 | D        | Reached skill level 10 in Staves
    37 | D        | Reached skill level 10 in Ranged Weapons
    40 | D        | Killed a large bag of meat
    40 | D        | Noticed a large bag of meat
    43 | D        | Killed a large bag of meat
    44 | D        | Reached skill level 15 in Necromancy
    45 | D        | Killed a destroyer
    45 | D        | Noticed a tyrant
    45 | D        | Killed a large bag of meat
    47 | D        | Noticed a destroyer
    47 | D        | Noticed a destroyer
    47 | D        | Noticed a destroyer
    47 | D        | Noticed an accursed
    48 | D        | Noticed a destroyer
    49 | D        | Annihilated by a meat berserker

Illustrated notes

Levels and vault maps discovered:
D:        meatsprint

Skill      XL: |  1  2  3  4  5  6  7  8  9 10 11 12 13 14 15 16 17 18 19 20 21 22 |
---------------+-------------------------------------------------------------------+-----
Fighting       | 4 5 6 10 14 15 21 27 | 27.0
Axes           | 6 9 12 18 23 24 27 | 27.0
Dodging        | 10 12 14 16 18 19 21 24 27 | 27.0
Stealth        | 9 11 13 16 18 20 23 27 | 27.0
Spellcasting   | 12 14 16 19 21 23 26 27 | 27.0
Conjurations   | 4 5 6 7 9 12 27 | 27.0
Fire Magic     | 19 23 26 27 | 27.0
Short Blades   | 9 11 13 | 13.3
Long Blades    | 8 9 12 | 12.0
Maces & Flails | 8 9 12 | 12.0
Polearms       | 8 9 12 | 12.0
Staves         | 8 9 12 | 12.0
Ranged Weapons | 8 9 12 | 12.0
Throwing       | 9 11 13 | 13.3
Armour         | 9 11 13 | 13.3
Shields        | 9 11 13 | 13.3
Unarmed Combat | 9 11 13 | 13.3
Hexes          | 10 12 14 | 14.4
Summonings     | 10 12 14 | 14.4
Necromancy     | 11 13 15 | 15.6
Translocations | 9 11 13 | 13.3
Transmutations | 9 11 13 | 13.3
Ice Magic      | 9 11 13 | 13.3
Air Magic      | 9 11 13 | 13.3
Earth Magic    | 9 11 13 | 13.3
Poison Magic   | 10 12 14 | 14.4
Invocations    | 13 15 18 | 18.4
Evocations     | 10 12 14 | 14.4

Action                     |  1- 3 |  4- 6 |  7- 9 | 10-12 | 13-15 | 16-18 | 19-21 | 22-24 || total
---------------------------+-------+-------+-------+-------+-------+-------+-------+-------++-------
  Melee: Executioner's axe |     1 |       |       |     1 |     4 |     5 |    11 |     9 ||    31
    Use: Potion            |       |       |       |       |       |       |       |     2 ||     2
         Scroll            |       |       |       |       |       |       |       |     1 ||     1
  Dodge: Dodged            |       |       |       |       |     1 |       |       |       ||     1

Table legend: (Time is in decaauts)
 A = Elapsed time spent in this place.
 B = Non-inter-level travel time spent in this place.
 C = Inter-level travel time spent in this place.
 D = Time resting spent in this place.
 E = Time spent auto-exploring this place.
 F = Levels seen in this place.
 G = Mean time per level.
                   A        B        C        D        E       F      G
               +--------+--------+--------+--------+--------+-----+--------+
         Total |     43 |     43 |      0 |      0 |      0 |   1 |   43.0 |
       Dungeon |     43 |     43 |      0 |      0 |      0 |   1 |   43.0 |
               +--------+--------+--------+--------+--------+-----+--------+

Top non-repeatable levels by time:
       D: 43 daAuts
